[Event "Titled Tuesday Blitz March 08 Early 2022"]
[White "Bryakin, Mikhail"]
[Black "Horobetz, Graham"]
[WhiteFideId "4165314"]
[BlackFideId "2047322"]
[WhiteElo "2417"]
[BlackElo "2643"]
[Result "1-0"]
[Round "11"]
[TimeControl "180+1"]
[Date "2022.03.08"]
[WhiteClock "0:01:29"]
[BlackClock "0:00:09"]

1. e4 c5 2. Nf3 d6 3. c3 Nf6 4. Bd3 Nc6 5. O-O e5 6. Bc2 g6 7. d4 Bg4 8. d5 Nb8 9. h3 Bc8 10. a4 Bg7 11. b4 b6 12. Be3 O-O 13. Nbd2 Nh5 14. Nc4 Qc7 15. b5 Nd7 16. g3 Ndf6 17. Kh2 h6 18. Ng1 Nh7 19. Bd3 Bd7 20. Be2 N5f6 21. f3 Ne8 22. Qd2 f5 23. Bxh6 f4 24. Bxg7 Kxg7 25. g4 Ng5 26. Kg2 Rh8 27. Qe1 Nf6 28. h4 Nf7 29. Nh3 Rh7 30. Ng5 Nxg5 31. hxg5 Ng8 32. Rh1 Ne7 33. Rxh7+ Kxh7 34. Qh1+ Kg8 35. Qh6 Kf7 36. Qh7+ Kf8 37. Rh1 Be8 38. Qh8+ Ng8 39. Rh7 Bf7 40. Qg7+ Ke8 41. Qxg8+ 1-0


[Site "https://www.chess.com"]

[Event "Titled Tuesday Blitz March 08 Early 2022"]
[White "Budrewicz, Krzysztof"]
[Black "Petrova, Irina"]
[WhiteFideId "1127950"]
[BlackFideId "14124122"]
[WhiteElo "2248"]
[BlackElo "1993"]
[Result "1-0"]
[Round "11"]
[TimeControl "180+1"]
[Date "2022.03.09"]
[WhiteClock "0:01:11"]
[BlackClock "0:00:09"]

1. d4 d6 2. Nf3 g6 3. c4 Bg7 4. Nc3 Nc6 5. h3 e5 6. d5 Nce7 7. e4 f5 8. exf5 Nxf5 9. g4 Nd4 10. Nxd4 exd4 11. Ne4 Ne7 12. Bg2 O-O 13. O-O Bd7 14. b3 c5 15. Bg5 h6 16. Bh4 Be8 17. Bg3 Nc8 18. f4 b5 19. f5 bxc4 20. bxc4 gxf5 21. gxf5 Be5 22. Bxe5 dxe5 23. Nxc5 Bf7 24. f6 Kh7 25. Be4+ Kh8 26. Qd2 Rg8+ 27. Kh2 Qf8 28. Ne6 Bxe6 29. dxe6 Nd6 30. Bxa8 Nxc4 31. Qc1 Ne3 32. Be4 Nxf1+ 33. Qxf1 Rg5 34. f7 Kg7 35. Qf2 d3 36. Rf1 d2 37. Qf6# 1-0


[Site "https://www.chess.com"]

[Event "Titled Tuesday Blitz March 08 Early 2022"]
[White "Buscar, Michael"]
[Black "Kaganskiy, Gleb"]
[WhiteFideId "2603616"]
[BlackFideId "4132025"]
[WhiteElo "2010"]
[BlackElo "2165"]
[Result "1/2-1/2"]
[Round "11"]
[TimeControl "180+1"]
[Date "2022.03.09"]
[WhiteClock "0:00:39"]
[BlackClock "0:01:04"]

1. c4 e6 2. Nf3 b6 3. g3 Bb7 4. Bg2 g6 5. O-O Bg7 6. d3 Nf6 7. e4 d6 8. Bg5 O-O 9. Qc1 Re8 10. Bh6 Bh8 11. Nc3 Nbd7 12. Nd2 e5 13. h3 Nf8 14. b4 Ne6 15. Nb3 c5 16. a3 Nd4 17. Nxd4 cxd4 18. Nd5 Nxd5 19. exd5 f6 20. f4 Bc8 21. fxe5 fxe5 22. g4 Bg7 23. Bg5 Qc7 24. Ra2 Bd7 25. Raf2 Rf8 26. Bh6 Rxf2 27. Rxf2 Rf8 28. Bxg7 Rxf2 29. Kxf2 Kxg7 30. Qg5 Ba4 31. Be4 Qf7+ 32. Kg2 Bd1 33. Qd2 Ba4 34. h4 Bd7 35. Qg5 Qf6 36. Qxf6+ Kxf6 37. Kg3 h6 38. Kf3 g5 39. h5 Ke7 40. Bg6 Kd8 41. Bf7 Ke7 42. Bg6 Kf6 43. Be4 Ba4 44. Bf5 Bb3 45. Ke4 Bc2 46. c5 bxc5 47. bxc5 Ke7 48. c6 Kd8 49. Be6 Kc7 50. Bd7 a5 51. Bf5 Kd8 52. Be6 Kc7 53. Bf5 Kd8 54. Bd7 Kc7 55. Be6 Kd8 56. Bd7 1/2-1/2


[Site "https://www.chess.com"]

[Event "Titled Tuesday Blitz March 08 Early 2022"]
[White "Carre, Sylvain"]
[Black "De Souza, Cristiano Gomes"]
[WhiteFideId "642118"]
[BlackFideId "2151758"]
[WhiteElo "2105"]
[BlackElo "2068"]
[Result "1-0"]
[Round "11"]
[TimeControl "180+1"]
[Date "2022.03.09"]
[WhiteClock "0:00:20"]
[BlackClock "0:01:35"]

1. d4 Nf6 2. Bf4 g6 3. e3 Bg7 4. Nf3 d6 5. Be2 Nh5 6. Bg5 h6 7. Bh4 g5 8. Nfd2 Nf6 9. Bg3 h5 10. h4 g4 11. c4 Nbd7 12. Nc3 e5 13. Nb3 a6 14. Qd2 Qe7 15. O-O-O Nf8 16. Kb1 Ng6 17. Ka1 Bf5 18. Bd3 Bxd3 19. Qxd3 O-O-O 20. Qf5+ Qd7 21. Qxd7+ Nxd7 22. c5 f5 23. cxd6 cxd6 24. dxe5 dxe5 25. Rd6 Ne7 26. Rhd1 Nc6 27. Na4 Rhf8 28. Rxd7 Rxd7 29. Nb6+ Kc7 30. Rxd7+ Kxb6 31. Rxg7 f4 32. exf4 exf4 33. Bh2 Re8 34. Bxf4 Re1+ 35. Bc1 a5 36. Kb1 a4 37. Nd2 Nd4 38. Rg6+ Kb5 39. Rg5+ Ka6 40. Nc4 Ne2 41. Ra5# 1-0


[Site "https://www.chess.com"]

[Event "Titled Tuesday Blitz March 08 Early 2022"]
[White "Chernov, Alexander A."]
[Black "Heinemann, Josefine"]
[WhiteFideId "4152492"]
[BlackFideId "12900460"]
[WhiteElo "1956"]
[BlackElo "2300"]
[Result "0-1"]
[Round "11"]
[TimeControl "180+1"]
[Date "2022.03.09"]
[WhiteClock "0:00:04"]
[BlackClock "0:00:09"]

1. e4 c5 2. Nf3 d6 3. Bb5+ Nd7 4. O-O a6 5. Bd3 Ngf6 6. c3 e6 7. Bc2 c4 8. b3 b5 9. a4 Bb7 10. axb5 axb5 11. Rxa8 Qxa8 12. Na3 Bxe4 13. Nxb5 Bxc2 14. Qxc2 Qc6 15. Nfd4 Qc8 16. bxc4 Be7 17. Ba3 Nc5 18. Nf3 O-O 19. d4 Nb7 20. Qa4 Qc6 21. Nd2 h6 22. Ra1 Rd8 23. h3 Nh5 24. g3 Nf6 25. Bb4 Ne4 26. Nf1 Ng5 27. Nd2 Nxh3+ 28. Kf1 Qh1+ 29. Ke2 Qg2 30. Rf1 Bg5 31. Nf3 e5 32. Qa7 e4 33. Ne1 Ng1+ 34. Rxg1 Qxg1 35. Qxb7 e3 36. Nd3 exf2 37. Nxf2 Re8+ 38. Ne4 Qe3+ 39. Kd1 Rxe4 40. Kc2 Re8 41. Kb3 Qe2 42. Nxd6 Qd1+ 43. Kb2 Bc1+ 44. Ka2 Qc2+ 0-1


[Site "https://www.chess.com"]

[Event "Titled Tuesday Blitz March 08 Early 2022"]
[White "Chigaev, Maksim"]
[Black "Garriga Cazorla, Pere"]
[WhiteFideId "4108116"]
[BlackFideId "32011601"]
[WhiteElo "2502"]
[BlackElo "2458"]
[Result "1-0"]
[Round "11"]
[TimeControl "180+1"]
[Date "2022.03.08"]
[WhiteClock "0:00:41"]
[BlackClock "0:00:40"]

1. d4 Nf6 2. Nf3 e6 3. c4 d5 4. g3 c6 5. Bg2 b6 6. O-O Be7 7. Nbd2 O-O 8. Qc2 c5 9. dxc5 bxc5 10. cxd5 exd5 11. e4 Nc6 12. a3 Rb8 13. exd5 Nxd5 14. Nc4 Bf6 15. Rd1 Nd4 16. Nxd4 Bxd4 17. Be3 Nb6 18. Ne5 Bb7 19. Bxb7 Rxb7 20. Nc6 Qf6 21. Nxd4 cxd4 22. Rxd4 Nd7 23. Rh4 h6 24. Bd4 Qf3 25. Rf4 Qh5 26. Re1 Nb6 27. Re5 Qg6 28. Qxg6 fxg6 29. Rxf8+ Kxf8 30. Rb5 Rb8 31. a4 Nd7 32. Rxb8+ Nxb8 33. Bxa7 Nc6 34. Bc5+ Kf7 35. b4 Ke6 36. b5 Nb8 37. a5 Kd5 38. a6 1-0


[Site "https://www.chess.com"]

[Event "Titled Tuesday Blitz March 08 Early 2022"]
[White "Clawitter, Craig"]
[Black "Hoffmann, Asa"]
[WhiteFideId "2023105"]
[BlackFideId "2001470"]
[WhiteElo "2280"]
[BlackElo "2117"]
[Result "0-1"]
[Round "11"]
[TimeControl "180+1"]
[Date "2022.03.09"]
[WhiteClock "0:00:07"]
[BlackClock "0:01:31"]

1. e4 d6 2. d4 Nf6 3. Nc3 c6 4. f4 Qa5 5. Nf3 Nxe4 6. Bd2 Nxd2 7. Qxd2 Bf5 8. Bc4 e6 9. O-O-O Nd7 10. Kb1 d5 11. Bd3 Bb4 12. Bxf5 Bxc3 13. bxc3 exf5 14. Rhe1+ Kf8 15. Ne5 Nf6 16. Re3 Ne4 17. Qe1 f6 18. Nd7+ Kf7 19. Nc5 Rhe8 20. g4 Nxc5 21. dxc5 Qxc5 22. Rdd3 fxg4 23. f5 Rad8 24. Re6 d4 25. cxd4 Qxf5 26. Rxe8 Rxe8 27. Qb4 Qb5 28. Qxb5 cxb5 29. Rb3 a6 30. a4 bxa4 31. Rxb7+ Re7 32. Rb6 f5 33. d5 f4 34. d6 Rd7 35. c4 f3 36. c5 f2 37. c6 f1=Q+ 0-1


[Site "https://www.chess.com"]

[Event "Titled Tuesday Blitz March 08 Early 2022"]
[White "Costachi, Mihnea"]
[Black "Mirzoev, Azer"]
[WhiteFideId "1217518"]
[BlackFideId "13400304"]
[WhiteElo "2464"]
[BlackElo "2525"]
[Result "1-0"]
[Round "11"]
[TimeControl "180+1"]
[Date "2022.03.08"]
[WhiteClock "0:01:52"]
[BlackClock "0:00:20"]

1. d4 d5 2. c4 c6 3. Nc3 Nf6 4. Nf3 dxc4 5. e4 b5 6. Be2 e6 7. O-O Bb7 8. b3 cxb3 9. d5 exd5 10. exd5 Nxd5 11. Qxb3 Be7 12. Rd1 O-O 13. Bb2 a6 14. a4 b4 15. Bc4 a5 16. Nxd5 cxd5 17. Bxd5 Bxd5 18. Rxd5 Qc7 19. Rc1 Qb7 20. Rb5 Qa6 21. Qd5 Nd7 22. Qxd7 1-0


[Site "https://www.chess.com"]

[Event "Titled Tuesday Blitz March 08 Early 2022"]
[White "Coto Mederos, Michel"]
[Black "Mekhitarian, Krikor Sevag"]
[WhiteFideId "3508528"]
[BlackFideId "2107660"]
[WhiteElo "2427"]
[BlackElo "2598"]
[Result "0-1"]
[Round "11"]
[TimeControl "180+1"]
[Date "2022.03.09"]
[WhiteClock "0:00:07"]
[BlackClock "0:00:04"]

1. c4 c5 2. Nc3 Nc6 3. Nf3 g6 4. e3 Nf6 5. d4 cxd4 6. exd4 d5 7. cxd5 Nxd5 8. Qb3 Nxc3 9. Bc4 e6 10. bxc3 Bd7 11. Bb5 a6 12. Be2 Na5 13. Qd1 Rc8 14. Bd2 Bg7 15. O-O O-O 16. Ne5 Bc6 17. c4 Qxd4 18. Nxc6 Nxc6 19. Rb1 Rfd8 20. Be3 Qe4 21. Qa4 Nd4 22. Bxd4 Bxd4 23. Bf3 Qf4 24. Rxb7 Be5 25. Re1 Qxh2+ 26. Kf1 Bc3 27. Rd1 Qh1+ 28. Ke2 Qxd1+ 29. Qxd1 Rxd1 30. Kxd1 Rxc4 31. Be2 Ra4 32. Ra7 Rxa2 33. Rxa6 Rd2+ 34. Ke1 Ra2+ 35. Kd1 Rxa6 36. Bxa6 Kg7 37. Ke2 h5 38. Kf3 f5 39. Bc4 Kf6 40. Ke2 g5 41. f3 Be5 42. Ke3 Bc7 43. Kf2 Bb8 44. Bb3 Ba7+ 45. Kf1 e5 46. Bc2 g4 47. fxg4 hxg4 48. Bd1 Kg5 49. g3 Bb6 50. Kg2 Ba5 51. Be2 Bd2 52. Bd1 Be1 53. Be2 e4 54. Bd1 Kf6 55. Ba4 Kg5 56. Bc6 Bxg3 57. Kxg3 f4+ 58. Kf2 Kf5 59. Kg2 Ke5 60. Bd7 g3 61. Bg4 Kd4 62. Bc8 Ke3 63. Ba6 Kd2 64. Bb7 e3 65. Ba6 e2 66. Bxe2 Kxe2 67. Kg1 f3 68. Kh1 g2+ 69. Kg1 Ke1 70. Kh2 f2 71. Kxg2 f1=Q+ 72. Kg3 Qf5 73. Kg2 Qf4 74. Kh3 Qg5 0-1


[Site "https://www.chess.com"]

[Event "Titled Tuesday Blitz March 08 Early 2022"]
[White "Csonka, Balazs"]
[Black "Kushko, Dmitriy"]
[WhiteFideId "742910"]
[BlackFideId "14162261"]
[WhiteElo "2404"]
[BlackElo "2225"]
[Result "1/2-1/2"]
[Round "11"]
[TimeControl "180+1"]
[Date "2022.03.09"]
[WhiteClock "0:00:04"]
[BlackClock "0:00:12"]

1. d4 g6 2. e4 d6 3. c4 Bg7 4. Nc3 Nf6 5. Be2 O-O 6. Nf3 e5 7. Be3 Ng4 8. Bg5 f6 9. Bh4 g5 10. Bg3 Nh6 11. c5 Nc6 12. cxd6 cxd6 13. dxe5 dxe5 14. O-O Be6 15. Qxd8 Rfxd8 16. Rfd1 g4 17. Nd2 Nd4 18. Bc4 Kf7 19. Bxe6+ Kxe6 20. Nc4 Nf7 21. Kf1 h5 22. Ne2 Nc6 23. f3 Bh6 24. Bf2 b6 25. Ng3 gxf3 26. gxf3 Bf4 27. Nxh5 Bxh2 28. Ke2 Bf4 29. Rxd8 Rxd8 30. Rd1 Rxd1 31. Kxd1 Nb4 32. a3 Nd3 33. Ke2 Nc1+ 34. Kd1 Nd3 35. Ke2 Nc1+ 36. Kd1 Nd3 1/2-1/2


[Site "https://www.chess.com"]

[Event "Titled Tuesday Blitz March 08 Early 2022"]
[White "Demchenko, Anton"]
[Black "Shyaamnikhil P"]
[WhiteFideId "4160258"]
[BlackFideId "5024218"]
[WhiteElo "2539"]
[BlackElo "2329"]
[Result "0-1"]
[Round "11"]
[TimeControl "180+1"]
[Date "2022.03.08"]
[WhiteClock "0:00:01"]
[BlackClock "0:00:14"]

1. e4 e5 2. Nf3 Nc6 3. Bc4 Nf6 4. d3 h6 5. Nc3 Bc5 6. h3 d6 7. Na4 Bb6 8. c3 Ne7 9. O-O Ng6 10. Re1 Qe7 11. d4 O-O 12. Bd3 Bd7 13. Nxb6 axb6 14. Bd2 Kh7 15. b3 c5 16. d5 b5 17. Qe2 Ra5 18. b4 cxb4 19. cxb4 Ra3 20. Bxb5 Bxb5 21. Qxb5 Rxf3 22. gxf3 Nh5 23. f4 Nhxf4 24. Bxf4 Nxf4 25. Qf1 f5 26. Kh2 Qh4 27. Rac1 Qh5 28. Rc3 fxe4 29. Rxe4 Nxd5 30. Rg3 Qf5 31. Re2 Nf4 32. Rd2 Rf6 33. a4 d5 34. a5 d4 35. b5 d3 36. Kg1 e4 37. Rb2 Rd6 38. Qe1 Qe5 39. a6 Qxb2 40. axb7 Qxb5 41. Qxe4+ Ng6 42. h4 d2 43. h5 d1=Q+ 44. Kg2 Qdxh5 45. Qf3 Qxf3+ 0-1


[Site "https://www.chess.com"]

[Event "Titled Tuesday Blitz March 08 Early 2022"]
[White "Derige Kane, Yan"]
[Black "Gabrielian, Artur"]
[WhiteFideId "20665431"]
[BlackFideId "4131002"]
[WhiteElo "2169"]
[BlackElo "2440"]
[Result "0-1"]
[Round "11"]
[TimeControl "180+1"]
[Date "2022.03.09"]
[WhiteClock "0:00:43"]
[BlackClock "0:01:04"]

1. d4 Nf6 2. Bg5 g6 3. Bxf6 exf6 4. c4 c5 5. Nc3 cxd4 6. Qxd4 Nc6 7. Qd1 Qb6 8. Rb1 Bb4 9. Qc2 O-O 10. Nf3 d5 11. cxd5 Bf5 12. e4 Bxe4 13. Bd3 Bxd5 14. O-O Bxf3 15. gxf3 Nd4 16. Qd1 Rad8 17. Ne4 f5 18. Ng3 Qc6 19. Kg2 Ne6 20. Ne2 Bd6 21. Rc1 Qb6 22. Qc2 Bb8 23. Bc4 Qd6 24. Ng3 Nf4+ 25. Kh1 Qf6 26. Rfd1 Qh4 27. Qb3 b6 28. a4 Qf6 29. Qc2 Be5 30. b3 h5 31. Rxd8 Rxd8 32. Rd1 Rxd1+ 33. Qxd1 Kg7 34. Qd7 h4 35. Nf1 Bd4 36. Ne3 Bxe3 37. fxe3 Qa1+ 38. Bf1 Qxf1# 0-1


[Site "https://www.chess.com"]

[Event "Titled Tuesday Blitz March 08 Early 2022"]
[White "Derraugh, Geordie"]
[Black "Estrada Nieto, Julian"]
[WhiteFideId "2603950"]
[BlackFideId "5101018"]
[WhiteElo "2116"]
[BlackElo "2246"]
[Result "1-0"]
[Round "11"]
[TimeControl "180+1"]
[Date "2022.03.09"]
[WhiteClock "0:00:13"]
[BlackClock "0:00:15"]

1. e4 e5 2. Nf3 Nc6 3. d4 exd4 4. Bc4 Bc5 5. c3 d6 6. cxd4 Bb6 7. O-O Nf6 8. Nc3 O-O 9. Bg5 h6 10. Bh4 Bg4 11. Bxf6 Qxf6 12. Nd5 Qg6 13. Nxb6 axb6 14. d5 Bxf3 15. Qxf3 Ne5 16. Qe2 Rfe8 17. f3 Qf6 18. Bb5 Re7 19. Rfc1 Ng6 20. g3 h5 21. Rc3 Ra5 22. a4 h4 23. Rac1 hxg3 24. hxg3 Qg5 25. Kf2 Qh6 26. Kg2 Qg5 27. Qe3 Qf6 28. Rxc7 Rxc7 29. Rxc7 Qxb2+ 30. Qf2 Qxf2+ 31. Kxf2 Ra7 32. Bc6 Ne5 33. Rxb7 Ra6 34. Bb5 Ra8 35. Rxb6 Rc8 36. Rxd6 Rc2+ 37. Be2 Ra2 38. Ra6 Nd3+ 39. Ke3 Nb4 40. Ra8+ Kh7 41. a5 Nc2+ 42. Kf4 Nb4 43. Bb5 f6 44. a6 Ra3 45. a7 g5+ 46. Kg4 Nd3 47. Bxd3 Rxd3 48. Rh8+ Kxh8 49. a8=Q+ Kg7 50. Qb7+ Kg6 51. Qd7 Re3 52. d6 Rd3 53. Qf5+ Kg7 54. d7 Kf7 55. Qd5+ Rxd5 56. exd5 Ke7 57. Kf5 Kxd7 58. Kxf6 Kd6 59. Kxg5 Kxd5 60. Kf6 Kd4 61. g4 Ke3 62. g5 Kf4 63. g6 Kxf3 64. g7 Kf4 65. g8=Q Ke4 66. Qg5 Kd4 67. Qe5+ 1-0


[Site "https://www.chess.com"]

[Event "Titled Tuesday Blitz March 08 Early 2022"]
[White "Dolzhykova, Kateryna"]
[Black "Martin Duque, Jesus"]
[WhiteFideId "14113414"]
[BlackFideId "2208954"]
[WhiteElo "2184"]
[BlackElo "2243"]
[Result "1-0"]
[Round "11"]
[TimeControl "180+1"]
[Date "2022.03.09"]
[WhiteClock "0:01:11"]
[BlackClock "0:00:49"]

1. e4 c5 2. Nf3 b6 3. c4 Bb7 4. Bd3 g6 5. O-O Bg7 6. Nc3 Nc6 7. a3 e6 8. Bb1 Nge7 9. d3 d6 10. Be3 Nd4 11. b4 Qd7 12. Bxd4 cxd4 13. Ne2 e5 14. Ba2 O-O 15. Rc1 Kh8 16. c5 dxc5 17. bxc5 b5 18. Ng5 Nc6 19. f4 h6 20. Nf3 Kh7 21. Bd5 exf4 22. Nxf4 Rae8 23. Rb1 a6 24. a4 b4 25. Bxc6 Bxc6 26. Rxb4 Bxa4 27. Qxa4 Qc7 28. Nd5 Qxc5 29. Qxa6 f5 30. Rc4 Ra8 31. Qxa8 Qxc4 32. Qxf8 Qxd5 33. Qxg7+ Kxg7 34. exd5 Kf6 35. Re1 1-0


[Site "https://www.chess.com"]

[Event "Titled Tuesday Blitz March 08 Early 2022"]
[White "Dushyant Sharma"]
[Black "Krylov, Ivan"]
[WhiteFideId "25065130"]
[BlackFideId "24128066"]
[WhiteElo "2105"]
[BlackElo "2258"]
[Result "1-0"]
[Round "11"]
[TimeControl "180+1"]
[Date "2022.03.09"]
[WhiteClock "0:00:57"]
[BlackClock "0:00:05"]

1. e4 c6 2. d4 d5 3. exd5 cxd5 4. Bd3 Nf6 5. c3 Bg4 6. Ne2 e6 7. Be3 Bd6 8. Nd2 Nc6 9. O-O Qc7 10. h3 Bh5 11. Qc2 Bg6 12. a3 O-O 13. Rae1 Bxd3 14. Qxd3 a6 15. f4 b5 16. Ng3 Rab8 17. Kh1 a5 18. Rf3 b4 19. axb4 axb4 20. Ref1 bxc3 21. bxc3 Rb2 22. c4 dxc4 23. Nxc4 Ra2 24. Nxd6 Qxd6 25. f5 Ra3 26. Qd2 Rfa8 27. fxe6 fxe6 28. Qf2 Ra2 29. Qg1 R8a3 30. Qh2 Ne7 31. Ne4 Qxh2+ 32. Kxh2 Nf5 33. Nxf6+ gxf6 34. Bg1 Rxf3 35. Rxf3 Rd2 36. Rf4 Kf7 37. h4 Rd3 38. Bf2 Kg6 39. g4 Ne7 40. h5+ Kg5 41. Re4 Nd5 42. Kg1 Rf3 43. h6 Kxh6 44. Rxe6 Kg6 45. Rd6 Nf4 46. Bh4 Nd3 47. g5 Rf4 48. Bg3 Rg4 49. Kg2 Rxg5 50. Kf3 Nc1 51. Rd8 Nb3 52. d5 Kf7 53. d6 Ke6 54. Re8+ Kd7 55. Re7+ Kd8 56. Rxh7 Rd5 57. Ke4 Rd1 58. Kf5 Nc5 59. Bh4 Rxd6 60. Bxf6+ Rxf6+ 61. Kxf6 Nd7+ 62. Ke6 Nc5+ 63. Kd6 Na6 64. Rh8# 1-0


[Site "https://www.chess.com"]

[Event "Titled Tuesday Blitz March 08 Early 2022"]
[White "Dwilewicz, Katarzyna"]
[Black "Mirzanurov, Bulat"]
[WhiteFideId "1148486"]
[BlackFideId "4184521"]
[WhiteElo "1907"]
[BlackElo "2116"]
[Result "1-0"]
[Round "11"]
[TimeControl "180+1"]
[Date "2022.03.09"]
[WhiteClock "0:00:13"]
[BlackClock "0:00:59"]

1. e4 c5 2. Nf3 d6 3. d4 cxd4 4. Nxd4 Nf6 5. Nc3 a6 6. h3 e5 7. Nde2 h5 8. Bg5 Be7 9. Bxf6 Bxf6 10. Nd5 Be7 11. Qd3 Bf8 12. O-O-O Be6 13. Kb1 Nc6 14. f4 Rc8 15. a3 b5 16. f5 Bxd5 17. Qxd5 Be7 18. c3 Na5 19. Nc1 Nc4 20. Bxc4 Rxc4 21. g4 h4 22. Rhg1 Rc5 23. Qd2 f6 24. Nd3 Rc4 25. Qe2 Qa8 26. Rge1 Kf7 27. Nb4 Rhc8 28. Nd5 Qc6 29. g5 a5 30. Qh5+ Kg8 31. Nxe7+ Kf8 32. Nxc6 R8xc6 33. Qh8+ Kf7 34. g6+ Ke7 35. Qxg7+ Kd8 36. Qf7 Rc7 37. Qf8+ Kd7 38. g7 Kc6 39. g8=Q b4 40. Qd5+ Kb6 41. Qb8+ Ka6 42. Qdb5# 1-0


[Site "https://www.chess.com"]

[Event "Titled Tuesday Blitz March 08 Early 2022"]
[White "Farmani Anosheh, Armin"]
[Black "Zaichenko, Daria"]
[WhiteFideId "24613240"]
[BlackFideId "4197453"]
[WhiteElo "2289"]
[BlackElo "2039"]
[Result "0-1"]
[Round "11"]
[TimeControl "180+1"]
[Date "2022.03.09"]
[WhiteClock "0:00:03"]
[BlackClock "0:00:19"]

1. d4 d5 2. c4 e6 3. Nf3 Be7 4. g3 Nf6 5. Bg2 O-O 6. O-O dxc4 7. Qc2 a6 8. a4 Bd7 9. Qxc4 Bc6 10. Bg5 b5 11. Qc2 Bb7 12. Nbd2 Nbd7 13. Nb3 Rc8 14. axb5 axb5 15. Ra7 Be4 16. Qd2 c5 17. Bxf6 Bxf6 18. dxc5 Nxc5 19. Nxc5 Rxc5 20. Qe3 Qb6 21. Rd7 Bd5 22. b4 Rc6 23. Qxb6 Rxb6 24. Ne1 Bc4 25. Nd3 Bc3 26. Rb1 Ra6 27. Bf3 g6 28. h4 Ra4 29. Rb7 Rfa8 30. Kg2 Kg7 31. Rc7 R8a7 32. Rxa7 Rxa7 33. Nc5 Ra2 34. e3 Bd2 35. Kg1 Bc3 36. Ne4 Ra1 37. Rxa1 Bxa1 38. Nd6 Bd3 39. Bc6 Bc3 40. Bxb5 Bxb5 41. Nxb5 Bxb4 42. Kg2 Be7 43. Kf3 f5 44. Nd4 Kf6 45. Nc6 Bd6 46. e4 e5 47. Na5 Bc5 48. Nc4 fxe4+ 49. Ke2 Ke6 50. Nd2 Kd5 51. Nb3 Bb4 52. Na1 Bc5 53. Nc2 Kc4 0-1


[Site "https://www.chess.com"]

[Event "Titled Tuesday Blitz March 08 Early 2022"]
[White "Fathy, Elameir"]
[Black "Yang, Kaiqi"]
[WhiteFideId "10600396"]
[BlackFideId "8604398"]
[WhiteElo "2311"]
[BlackElo "2373"]
[Result "1-0"]
[Round "11"]
[TimeControl "180+1"]
[Date "2022.03.09"]
[WhiteClock "0:00:51"]
[BlackClock "0:00:05"]

1. d4 g6 2. c4 Bg7 3. Nf3 d6 4. Nc3 b6 5. e4 Bb7 6. Be2 e6 7. O-O Nd7 8. Be3 Ngf6 9. d5 O-O 10. Nd2 a5 11. a3 Re8 12. Rc1 Rc8 13. b4 Ra8 14. Qb3 Ne5 15. h3 axb4 16. axb4 c6 17. Rfd1 exd5 18. cxd5 cxd5 19. exd5 Ba6 20. Bxa6 Rxa6 21. Nc4 Nxc4 22. Qxc4 Qc8 23. Nb5 Qxc4 24. Rxc4 Bf8 25. Rc6 Re4 26. Rc8 Rxb4 27. Bh6 Nd7 28. Nc7 Rc4 29. Bxf8 Nxf8 30. Rxf8+ Kxf8 31. Nxa6 Rc2 32. Rb1 Rd2 33. Nc7 Rc2 34. Nb5 Rc5 35. Nxd6 Ke7 36. Rxb6 Rxd5 37. Ne4 Kf8 38. Kh2 Kg7 39. Ng3 h5 40. Rb4 Ra5 41. Rf4 Ra2 42. Ne4 Ra3 43. Rf3 Ra4 44. Nd6 h4 45. Rxf7+ Kh6 46. Rf3 Kg5 47. Nf7+ Kh5 48. Ne5 Re4 49. Ng4 Ra4 50. Re3 Rf4 51. Re5+ g5 52. g3 hxg3+ 53. fxg3 Ra4 54. Nf6+ Kg6 55. Ne4 Ra2+ 56. Kg1 Ra1+ 57. Kf2 Ra2+ 58. Kf3 Ra3+ 59. Kg4 Ra4 60. Rxg5+ Kh6 61. Re5 1-0


[Site "https://www.chess.com"]

[Event "Titled Tuesday Blitz March 08 Early 2022"]
[White "Fedoseev, Vladimir"]
[Black "Martinez Alcantara, Jose Eduardo"]
[WhiteFideId "24130737"]
[BlackFideId "3805662"]
[WhiteElo "2726"]
[BlackElo "2690"]
[Result "1-0"]
[Round "11"]
[TimeControl "180+1"]
[Date "2022.03.08"]
[WhiteClock "0:00:12"]
[BlackClock "0:00:03"]

1. e4 c5 2. Nf3 d6 3. d4 cxd4 4. Nxd4 Nf6 5. Nc3 Nc6 6. Bg5 e6 7. Qd2 a6 8. O-O-O Bd7 9. f4 Be7 10. Nb3 b5 11. Bxf6 gxf6 12. f5 Qb6 13. Kb1 h5 14. Bd3 Ne5 15. Ne2 a5 16. Nbd4 a4 17. a3 Rb8 18. c3 Bf8 19. Rhf1 Bh6 20. Qc2 Ke7 21. Nf4 Bxf4 22. Rxf4 Nxd3 23. fxe6 Nxf4 24. exd7 Ne6 25. Nf5+ Kxd7 26. Rxd6+ Qxd6 27. Nxd6 Kxd6 28. Qf2 Rhg8 29. g3 Rb7 30. Qxf6 Rg5 31. Kc2 Re5 32. Kd3 Rd7 33. Ke3 Rc5 34. Qh8 Re7 35. Qb8+ Kd7 36. Qb6 Ke8 37. Qb8+ Nd8 38. Kf3 Rce5 39. h4 f5 40. exf5 Rxf5+ 41. Kg2 Kf7 42. Qxd8 Re2+ 43. Kh3 Rxb2 44. Qd7+ Kf6 45. Qd4+ Kg6 46. Qd6+ Kf7 47. c4 Rff2 48. Qd5+ Ke7 49. Qxh5 bxc4 50. Qc5+ Kf6 51. Qxc4 Rh2+ 52. Kg4 Rhd2 53. Qxa4 Rbc2 54. Qf4+ Ke6 55. h5 Kd5 56. Qf5+ Kc4 57. h6 Rd4+ 58. Kh3 Rdd2 59. h7 Rh2+ 60. Kg4 Kb3 61. Qd3+ Kb2 62. Qd4+ Kxa3 63. h8=Q 1-0


[Site "https://www.chess.com"]

[Event "Titled Tuesday Blitz March 08 Early 2022"]
[White "Fernandez Siles, Luis"]
[Black "Osmonbekov, Talaibek"]
[WhiteFideId "2209420"]
[BlackFideId "2017253"]
[WhiteElo "2212"]
[BlackElo "2135"]
[Result "0-1"]
[Round "11"]
[TimeControl "180+1"]
[Date "2022.03.09"]
[WhiteClock "0:00:06"]
[BlackClock "0:00:04"]

1. b4 e5 2. Bb2 d6 3. c4 f5 4. g3 Nf6 5. Bg2 Be7 6. d3 O-O 7. Nf3 Qe8 8. Nc3 c6 9. O-O Qh5 10. e3 Be6 11. Nd2 Qh6 12. b5 Nbd7 13. bxc6 bxc6 14. Qe2 Rab8 15. Ba3 Rb6 16. f4 Ra6 17. Bb2 Nc5 18. d4 Ncd7 19. c5 Rb8 20. Rab1 Ra5 21. cxd6 Bxd6 22. dxe5 Ng4 23. h3 Ngxe5 24. fxe5 Bxe5 25. Nc4 Bxc4 26. Qxc4+ Kh8 27. Qf7 Qxe3+ 28. Kh1 Qxg3 29. Kg1 Qh2+ 30. Kf2 Nf6 31. Ne2 Bxb2 32. Rxb2 Rxb2 33. Qf8+ Ng8 34. Rg1 Raxa2 35. Kf1 Rxe2 36. Qxg7+ Kxg7 37. Bd5+ Kf6 38. Rg6+ hxg6 0-1


[Site "https://www.chess.com"]

[Event "Titled Tuesday Blitz March 08 Early 2022"]
[White "Fiorito, Fabian"]
[Black "Rudzinska, Michalina"]
[WhiteFideId "100200"]
[BlackFideId "1172883"]
[WhiteElo "2395"]
[BlackElo "1904"]
[Result "1-0"]
[Round "11"]
[TimeControl "180+1"]
[Date "2022.03.09"]
[WhiteClock "0:00:31"]
[BlackClock "0:00:34"]

1. e4 c5 2. Nf3 e6 3. d4 cxd4 4. Nxd4 a6 5. Nc3 Qc7 6. Bd3 Nf6 7. O-O d6 8. Kh1 Be7 9. f4 O-O 10. Qe2 Nbd7 11. Bd2 b5 12. Nf3 Bb7 13. Rae1 b4 14. Nd1 d5 15. Nf2 dxe4 16. Nxe4 Nc5 17. Nxf6+ Bxf6 18. Bxb4 Rfd8 19. Bxc5 Qxc5 20. c3 g6 21. Be4 Rab8 22. Bxb7 Rxb7 23. Rd1 Rdb8 24. Rd2 Qc7 25. Ne5 Bxe5 26. fxe5 Rb5 27. Re1 Rd8 28. Rxd8+ Qxd8 29. a4 Ra5 30. Qe4 Qd7 31. b3 Rd5 32. h3 Rd2 33. c4 Rb2 34. Qf3 Qc7 35. Qc3 Rf2 36. c5 Qc6 37. Rg1 Re2 38. b4 Re4 39. Rd1 Re2 40. Qf3 Qxf3 41. gxf3 Kf8 42. b5 axb5 43. axb5 Ke7 44. c6 Rc2 45. Rd7+ Ke8 46. Rd6 Ke7 47. b6 f6 48. b7 Rb2 49. c7 Rb1+ 50. Kg2 Rb2+ 51. Kg3 fxe5 52. c8=Q 1-0


[Site "https://www.chess.com"]

[Event "Titled Tuesday Blitz March 08 Early 2022"]
[White "Gabdrakhmanov, Azat"]
[Black "Romanchuk, Viktor"]
[WhiteFideId "34189197"]
[BlackFideId "14109271"]
[WhiteElo "2279"]
[BlackElo "2242"]
[Result "0-1"]
[Round "11"]
[TimeControl "180+1"]
[Date "2022.03.09"]
[WhiteClock "0:00:05"]
[BlackClock "0:01:14"]

1. e4 e6 2. Ne2 d5 3. e5 c5 4. d3 Nc6 5. f4 f6 6. exf6 Nxf6 7. Ng3 Bd6 8. Be2 O-O 9. O-O Qc7 10. Nc3 a6 11. Bf3 Bd7 12. Nce2 Rae8 13. Bd2 e5 14. fxe5 Nxe5 15. Nc3 Nxf3+ 16. Qxf3 Bxg3 17. hxg3 Bc6 18. Bf4 Qb6 19. Bd6 Rf7 20. Qf4 Qxb2 21. Be5 Qxc2 22. Rae1 Qxd3 23. Bxf6 Rxf6 24. Qc7 Rxe1 25. Rxe1 Qd4+ 26. Kh2 Rh6# 0-1


[Site "https://www.chess.com"]